 Dungeon Crawl Stone Soup version 0.28-a0-863-g8cecda6153 (webtiles) character file.

Game seed: 7558332311018458504

105 bande the Skirmisher (level 4, 0/29 HPs)
             Began as a Gargoyle Fighter on Nov 19, 2021.
             Slain by Sigmund (1 damage)
             ... on level 3 of the Dungeon.
             The game lasted 00:03:28 (1915 turns).

bande the Skirmisher (Gargoyle Fighter)             Turns: 1915, Time: 00:03:29

Health: 0/29       AC: 15    Str: 20    XL:     4   Next: 81%
Magic:  4/4        EV:  9    Int:  9    God:
Gold:   69         SH:  5    Dex: 15    Spells: 3/3 levels left

rFire   . . .      SeeInvis .   a - +0 war axe
rCold   . . .      Faith    .   c - +0 buckler
rNeg    + . .      Spirit   .   b - +0 scale mail
rPois   ∞          Reflect  .   j - +0 helmet
rElec   +          Harm     .   (no cloak)
rCorr   .          Rampage  .   (no gloves)
Will    .....                   (no boots)
Stlth   ..........              (no amulet)
HPRegen 0.09/turn               g - ring of Xom's Condemnation {AC+4 Dex+6}
MPRegen 0.09/turn               h - ring of flight

@: flying
A: sickness immunity, AC +3, negative energy resistance 1, electricity
resistance, torment resistance 1, petrification resistance
a: no special abilities


You were on level 3 of the Dungeon.
You visited 1 branch of the dungeon, and saw 3 of its levels.

You collected 69 gold pieces.

Inventory:

Hand Weapons
 a - a +0 war axe (weapon)
Armour
 b - a +0 scale mail (worn)
 c - a +0 buckler (worn)
 j - a +0 helmet (worn)
Jewellery
 g - the ring of Xom's Condemnation (left hand) {AC+4 Dex+6}
   (You acquired it on level 2 of the Dungeon)

   [ring of protection]

   AC:        It affects your AC (+4).
   Dex:       It affects your dexterity (+6).
 h - a ring of flight (right hand)
Scrolls
 l - a scroll of identify {unknown}
Potions
 d - a potion of might
 e - 2 potions of curing {unknown}
 f - a potion of haste {unknown}
 i - 2 potions of resistance {unknown}
 k - a potion of cancellation {unknown}


   Skills:
 + Level 4.1 Fighting
 + Level 3.1 Axes
 + Level 3.8 Armour
 + Level 3.8 Shields


You had 3 spell levels left.
You didn't know any spells.
Your spell library was empty.

Dungeon Overview and Level Annotations

Branches:
Dungeon (3/15)

Altars:
Ashenzari
Cheibriados
Dithmenos
Elyvilon
Ru
Trog

Shops:
D:2 ?

Annotations:
D:3 Sigmund


Innate Abilities, Weirdness & Mutations

You are immune to sickness and miasma.
Your stone body is resilient. (AC +3)
You are immune to poison.
You resist negative energy. (rN+)
You are resistant to electric shocks. (rElec)
You are resistant to unholy torment.
You are immune to petrification.


Message History

No target in view!
No target in view!
No target in view!
Found a sacrificial altar of Ru.
Found a short sword.
Sigmund the Dreaded comes into view.
He is wielding a +0 scythe and wearing a +1 robe of positive energy.
Sigmund shouts!
Sigmund gestures wildly while chanting.
Sigmund flickers and vanishes!
Deactivating autopickup; reactivate with Ctrl-A.
No target in view!
An orc comes into view. It is wielding a +0 hand axe.
Found a bloodstained altar of Trog.
The orc moves out of view.
You are confused.
Something hits you. Something hits you but does no damage.
The orc barely misses you.
You barely miss the orc.
You hear the slow rusting of a drain nearby.
The orc hits you but does no damage. Something hits you.
The orc hits you but does no damage.
You bump into the rock wall.
You feel less confused. Something hits you.
The orc hits you but does no damage.
You hit the orc but do no damage. You block the orc's attack.
Something hits you!
You hit the orc but do no damage. The orc hits you but does no damage.
Something hits you!
* * * LOW HITPOINT WARNING * * *
The orc hits you but does no damage.
You barely miss the orc. The orc hits you but does no damage.
Something hits you but does no damage.
You closely miss the orc. The orc hits you with a +0 hand axe.
* * * LOW HITPOINT WARNING * * *
You hit the orc but do no damage. Something hits you but does no damage.
The orc barely misses you.
You slash the orc!
You kill the orc!
Something hits you.
You die...

#.# #... #.# ..#
#.# ... #.# ..#
#.#### #.# #....#
#.# #####.#####.# +
#...).....#.###...#
#.###.###..@){....#
#.# #.###..._.# ###
#.# #.# .....# #..
..# ..# #...# #.#
###.#.. #..^ #.#
#.#.# ### #.# ####
#.# ###.##..... ..#
....†......


There were no monsters in sight!

Vanquished Creatures
  A howler monkey (D:3)
  2 adders
  A worm (D:2)
  2 orcs (D:3)
  4 ball pythons
  4 bats (D:1)
  2 endoplasms
  2 giant cockroaches (D:1)
  3 goblins
  6 hobgoblins
  2 kobolds (D:2)
  2 quokkas (D:1)
  9 frilled lizards
  8 rats
48 creatures vanquished.

Notes
Turn   | Place    | Note
-------+----------+-------------------------------------------
     0 | D:1      | bande the Gargoyle Fighter began the quest for the Orb.
     0 | D:1      | Reached XP level 1. HP: 14/14 MP: 1/1
   121 | D:1      | Reached XP level 2. HP: 17/19 MP: 2/2
   383 | D:1      | Found a faded altar of an unknown god.
   560 | D:1      | Reached XP level 3. HP: 19/24 MP: 3/3
  1133 | D:2      | Reached skill level 4 in Fighting
  1186 | D:2      | Identified a scroll of acquirement
  1186 | D:2      | Acquired the ring of Xom's Condemnation {AC+4 Dex+6}
  1352 | D:2      | Found Mumu's Magic Scroll Boutique.
  1680 | D:3      | Reached XP level 4. HP: 28/29 MP: 4/4
  1712 | D:3      | Found a shadowy altar of Dithmenos.
  1712 | D:3      | Found a broken altar of Ashenzari.
  1712 | D:3      | Found a snail-covered altar of Cheibriados.
  1870 | D:3      | Found a white marble altar of Elyvilon.
  1872 | D:3      | Found a sacrificial altar of Ru.
  1901 | D:3      | Noticed Sigmund
  1902 | D:3      | Found a bloodstained altar of Trog.
  1913 | D:3      | HP: 1/29 [orc (2)]
  1915 | D:3      | Slain by Sigmund

Illustrated notes

Levels and vault maps discovered:
D:1:      minmay_arrival_stone_box, layout_basic,
          dreamdust_ecumenical_altar_statues
D:2:      layout_basic, serial_shops, shop
D:3:      layout_loops_ring, trog_butcher_becter,
          gammafunk_temple_overflow_forgotten, nicolae_overflow_hidden_temple,
          portal_sewer_entry_b, uniq_jessica, uniq_sigmund

Skill      XL: |  1  2  3  4 |
---------------+-------------+-----
Axes           | 2 3 |  3.1
Fighting       | 4 |  4.1
Armour         | |  3.8
Shields        | |  3.8

Action                   |  1- 3 |  4- 6 || total
-------------------------+-------+-------++-------
Melee: War axe           |   117 |    17 ||   134
  Use: Scroll            |     2 |     2 ||     4
Armor: Scale mail        |    99 |    15 ||   114
Dodge: Dodged            |    63 |     5 ||    68
Block: Buckler           |    26 |     2 ||    28

Table legend: (Time is in decaauts)
 A = Elapsed time spent in this place.
 B = Non-inter-level travel time spent in this place.
 C = Inter-level travel time spent in this place.
 D = Time resting spent in this place.
 E = Time spent auto-exploring this place.
 F = Levels seen in this place.
 G = Mean time per level.
                   A        B        C        D        E       F      G
               +--------+--------+--------+--------+--------+-----+--------+
         Total |   1966 |   1933 |     33 |      0 |   1528 |   3 |  655.3 |
       Dungeon |   1966 |   1933 |     33 |      0 |   1528 |   3 |  655.3 |
               +--------+--------+--------+--------+--------+-----+--------+

Top non-repeatable levels by time:
     D:2: 880 daAuts
     D:1: 825 daAuts
     D:3: 260 daAuts
